 Dungeon Crawl Stone Soup version 0.30-a0-359-gd0147acb1a (webtiles) character file.

Game seed: 12695472436259042721

738 gruber the Geomancer (level 7, -2/36 HPs)
             Began as a Gargoyle Earth Elementalist on Nov 11, 2022.
             Slain by an orc
             ... wielding a +0 flail
              (4 damage)
             ... on level 6 of the Dungeon.
             The game lasted 00:03:15 (3403 turns).

gruber the Geomancer (Gargoyle Earth Elementalist)  Turns: 3403, Time: 00:03:16

Health: -2/36      AC:  6    Str: 10 (12) XL:     7   Next: 75%
Magic:  13/13      EV: 11    Int: 14 (17) God:
Gold:   273        SH:  0    Dex:  8 (10) Spells: 11/15 levels left

rFire   . . .      SeeInvis .    t - +3 flail
rCold   . . .      Faith    .    (no shield)
rNeg    + + .      Spirit   .    a - +0 robe
rPois   ∞          Reflect  .    (no helmet)
rElec   +          Harm     .    (no cloak)
rCorr   .          Rampage  .    (no gloves)
Will    .....                    (no boots)
Stlth   ++........               (no amulet)
HPRegen 0.26/turn                e - ring of positive energy
MPRegen 0.13/turn                (no ring)

@: no status effects
A: sickness immunity, AC +4, negative energy resistance 1, electricity
resistance, torment resistance 1, petrification resistance
a: no special abilities


You were on level 6 of the Dungeon.
You visited 1 branch of the dungeon, and saw 5 of its levels.

You collected 273 gold pieces.

Inventory:

Hand Weapons
 t - a +3 flail (weapon)
Armour
 a - a +0 robe (worn)
 m - the +1 scale mail "Agud" {Int+3}
   (You found it on level 2 of the Dungeon)

   Int:       It affects your intelligence (+3).
Jewellery
 e - a ring of positive energy (left hand)
Scrolls
 f - a scroll of butterflies {unknown}
 j - 3 scrolls of identify {unknown}
 k - 2 scrolls of noise {unknown}
 l - 2 scrolls of enchant armour {unknown}
 o - 2 scrolls of teleportation {unknown}
 p - a scroll of amnesia {unknown}
 q - a scroll of fear {unknown}
 s - 2 scrolls of magic mapping {unknown}
 w - a scroll of immolation {unknown}
Potions
 c - 2 potions of degeneration
 d - 2 potions of attraction {unknown}
 g - 2 potions of mutation {unknown}
 h - 2 potions of brilliance {unknown}
 i - 2 potions of haste {unknown}
 n - a potion of resistance {unknown}
 r - a potion of heal wounds {unknown}
 u - a potion of invisibility {unknown}
 v - a potion of might {unknown}


   Skills:
 - Level 1.5 Dodging
 - Level 2.1 Stealth
 * Level 4.5 Spellcasting
 - Level 0.7 Transmutations
 - Level 9.1 Earth Magic


You had 11 spell levels left.
You knew the following spells:

 Your Spells              Type           Power      Damage    Failure   Level
a - Sandblast             Erth           56%        2d13      1%          1
b - Stone Arrow           Conj/Erth      30%        3d8       9%          3

Your spell library contained the following spells:

 Spells                   Type           Power      Damage    Failure   Level
 Passwall                 Tmut/Erth      13%        N/A       3%          2
 Petrify                  Tmut/Erth      16%        N/A       24%         4
 Ozocubu's Armour         Ice            3%         N/A       50%         3
 Dispel Undead            Necr           3%         3d7       88%         4
 Metabolic Englaciation   Hex/Ice        1%         N/A       99%         5
 Death Channel            Necr           1%         N/A       100%        6
 Simulacrum               Ice/Necr       1%         N/A       100%        6
 Cigotuvi's Dreadful Rot  Necr/Pois/Air  Unusable   N/A       N/A         2

Dungeon Overview and Level Annotations

Branches:
Dungeon (4/15)
 Temple: D:4-7

Altars:
Gozag
Qazlal

Shops:
D:1 [   D:4 (


Innate Abilities, Weirdness & Mutations

You are immune to sickness and miasma.
Your stone body is resilient. (AC +4)
You are immune to poison.
You resist negative energy. (rN+)
You are resistant to electric shocks. (rElec)
You are resistant to unholy torment.
You are immune to petrification.


Message History

The blast of sand hits something.
Something hits you.
* * * LOW HITPOINT WARNING * * *
Something hits you.
* * * LOW HITPOINT WARNING * * *
Casting: Sandblast (safe; 1% risk of failure)
Confirm with . or Enter, or press ? or * to list all spells.
Aiming: Sandblast (safe; 1% risk of failure)
Press: ? - help, Shift-Dir - straight line, f/p - orc
Aim: an orc, wielding a +0 club and wearing a +0 ring mail (86% to hit)
The blast of sand hits something!
Reactivating autopickup.
You feel a bit more experienced.
Unknown command.
Casting: Sandblast (safe; 1% risk of failure)
Confirm with . or Enter, or press ? or * to list all spells.
Aiming: Sandblast (safe; 1% risk of failure)
Press: ? - help, Shift-Dir - straight line, f/p - orc
Aim: an orc, wielding a +0 club and wearing a +0 ring mail (86% to hit)
The blast of sand hits the orc.
The orc is lightly wounded.
The orc hits you with a +0 club.
* * * LOW HITPOINT WARNING * * *
The bullfrog snags a nearby moth with its tongue.
The orc barely misses you.
Unknown command.
Casting: Sandblast (safe; 1% risk of failure)
Confirm with . or Enter, or press ? or * to list all spells.
Aiming: Sandblast (safe; 1% risk of failure)
Press: ? - help, Shift-Dir - straight line, f/p - orc
Aim: an orc, wielding a +0 club and wearing a +0 ring mail (lightly wounded, 86% to hit)
The blast of sand hits the orc!
You kill the orc!
Unknown command.
Unknown command.
It was a potion of degeneration.
There was something very wrong with that liquid.
You feel weakened.
You feel dopey.
You feel clumsy. The orc barely misses you. Magic courses through your body.
The orc hits you with a +0 flail.
You die...

#.# #.# #.#
#.#### #....#
#..#.# ##...#
##.## #@# #o#
#F# #c# #s#
#o############
#o#o..........
#....#.....#
##.#.#......#


You could see a bullfrog, a centaur, a scorpion, an orc wizard and 2 orcs.

Vanquished Creatures
  Grinder (D:3)
  Eustachio (D:4)
  An ogre (D:4)
  A scorpion (D:4)
  An orc priest (D:6)
  2 orc wizards (D:6)
  3 gnolls
  7 adders
  2 worms
  7 orcs
  8 ball pythons
  4 bats
  7 endoplasms
  3 giant cockroaches
  7 goblins
  8 hobgoblins
  3 jackals (D:3)
  5 quokkas
  A frilled lizard (D:1)
  8 kobolds
  5 rats
85 creatures vanquished.

Notes
Turn   | Place    | Note
-------+----------+-------------------------------------------
     0 | D:1      | gruber the Gargoyle Earth Elementalist began the quest for
                  | the Orb.
     0 | D:1      | Reached XP level 1. HP: 10/10 MP: 3/3
    87 | D:1      | Reached skill level 4 in Earth Magic
   104 | D:1      | Reached XP level 2. HP: 2/15 MP: 0/5
   288 | D:1      | Found Ceaphole's Antique Armour Shop.
   737 | D:1      | Reached XP level 3. HP: 19/19 MP: 4/6
   821 | D:1      | Reached skill level 5 in Earth Magic
  1178 | D:2      | Found an opulent altar of Gozag.
  1230 | D:2      | Identified the +1 scale mail "Agud" {Int+3}
  1305 | D:2      | Found a faded altar of an unknown god.
  1392 | D:2      | Reached XP level 4. HP: 24/24 MP: 4/7
  1650 | D:3      | Reached skill level 6 in Earth Magic
  1831 | D:3      | Reached XP level 5. HP: 28/28 MP: 6/8
  2223 | D:3      | Reached skill level 7 in Earth Magic
  2297 | D:3      | Noticed Grinder
  2304 | D:3      | Killed Grinder
  2305 | D:3      | Reached skill level 8 in Earth Magic
  2305 | D:3      | Reached XP level 6. HP: 27/32 MP: 3/9
  2794 | D:4      | Reached skill level 9 in Earth Magic
  2798 | D:4      | Learned a level 3 spell: Stone Arrow
  2954 | D:4      | Found Ximafav's Antique Weapon Emporium.
  3027 | D:4      | Found a stormy altar of Qazlal.
  3054 | D:4      | Reached XP level 7. HP: 36/36 MP: 7/11
  3220 | D:4      | Noticed Eustachio
  3226 | D:4      | Killed Eustachio
  3290 | D:4      | You fall into a shaft and drop 2 floors!
  3400 | D:6      | HP: 1/36 [orc/+0 club (3)]
  3403 | D:6      | Slain by an orc

Illustrated notes

Levels and vault maps discovered:
D:1:      dpeg_arrival_long_road, layout_basic, serial_shops, shop,
          grunt_decor_junction, skrybe_limestone_x
D:2:      layout_rooms, hellmonk_ecumenical_altar_leap_of_faith, basic_altar,
          minivault_23, nrook_loot_triangle
D:3:      layout_basic, dk_noncrumbling_2, minmay_randomly_rotated_circles,
          uniq_grinder
D:4:      layout_gridville, mainiacjoe_overflow_alcove_4,
          mainiacjoe_overflow_alcove_2, lemuel_tele_altar, serial_shops,
          nicolae_shop_behind_doors, hex_large, minmay_mini_ossuary,
          uniq_eustachio
D:6:      layout_loops_ring, pdpol_wu_jian_five_deadly_venoms,
          fedhas_bush_and_centaur_altar, gammafunk_temple_overflow_statue

Skill      XL: |  1  2  3  4  5  6  7 |
---------------+----------------------+-----
Earth Magic    | 4 5 6 8 9 |  9.1
Spellcasting   | 3 4 |  4.5
Dodging        | |  1.5
Stealth        | |  2.1
Transmutations | |  0.7

Action                   |  1- 3 |  4- 6 |  7- 9 || total
-------------------------+-------+-------+-------++-------
Melee: Unarmed           |    14 |     8 |       ||    22
       Flail             |       |       |     6 ||     6
 Cast: Sandblast         |    41 |    62 |    19 ||   122
  Use: Potion            |       |       |     2 ||     2
Armor: Robe              |     9 |    17 |     4 ||    30
Dodge: Dodged            |    17 |    25 |    10 ||    52

Table legend: (Time is in decaauts)
 A = Elapsed time spent in this place.
 B = Non-inter-level travel time spent in this place.
 C = Inter-level travel time spent in this place.
 D = Time resting spent in this place.
 E = Time spent auto-exploring this place.
 F = Levels seen in this place.
 G = Mean time per level.
                   A        B        C        D        E       F      G
               +--------+--------+--------+--------+--------+-----+--------+
         Total |   3465 |   3315 |    150 |      4 |   2814 |   5 |  693.0 |
       Dungeon |   3465 |   3315 |    150 |      4 |   2814 |   5 |  693.0 |
               +--------+--------+--------+--------+--------+-----+--------+

Top non-repeatable levels by time:
     D:3: 1123 daAuts
     D:1: 966 daAuts
     D:2: 687 daAuts
     D:4: 566 daAuts
     D:6: 121 daAuts
